 Dungeon Crawl Stone Soup version 0.29-a0-72-g1732ff48e7 (webtiles) character file.

Game seed: 5408534197283076626

65 siradein the Skirmisher (level 3, 0/33 HPs)
             Began as a Draconian Berserker on Feb 3, 2022.
             Was a Believer of Trog.
             Succumbed to an adder's poison
             ... on level 2 of the Dungeon.
             The game lasted 00:03:25 (1750 turns).

siradein the Skirmisher (Draconian Berserker)       Turns: 1750, Time: 00:03:25

Health: 0/33       AC:  5    Str: 19    XL:     3   Next: 92%
Magic:  3/3        EV: 12    Int:  7    God:    Trog [**....]
Gold:   1          SH:  0    Dex: 12    Spells: 2/2 levels left

rFire   + . .      SeeInvis .   a - +0 mace
rCold   . . .      Faith    .   (no shield)
rNeg    . . .      Spirit   .   (armour unavailable)
rPois   .          Reflect  .   (helmet restricted)
rElec   .          Harm     .   (no cloak)
rCorr   .          Rampage  .   (no gloves)
Will    .....                   (no boots)
Stlth   +.........              (no amulet)
HPRegen 0.11/turn               (no ring)
MPRegen 0.08/turn               (no ring)

@: lethally poisoned (0 -> -5)
A: AC +5, unfitting armour, cold-blooded, hooves 1, fire resistance 1
a: Renounce Religion, Berserk, Trog's Hand


You were on level 2 of the Dungeon.
You worshipped Trog.
Trog was pleased with you.
You visited 1 branch of the dungeon, and saw 2 of its levels.

You collected 27 gold pieces.
You spent 26 gold pieces at shops.

Inventory:

Hand Weapons
 a - a +0 mace (weapon)
Missiles
 c - 2 curare-tipped darts (quivered)
 l - 6 poisoned darts
Jewellery
 h - a ring of magical power
Scrolls
 b - 4 scrolls of teleportation
 g - a scroll of vulnerability {unknown}
 j - 2 scrolls of fog {unknown}
 k - a scroll of silence {unknown}
Potions
 d - a potion of berserk rage
 e - 2 potions of haste


   Skills:
 + Level 4.1 Fighting
 + Level 3.7 Maces & Flails
 + Level 3.3 Dodging


You had 2 spell levels left.
You didn't know any spells.
Your spell library was empty.

Dungeon Overview and Level Annotations

Branches:
Dungeon (2/15)

Altars:

Shops:
D:1 ?   D:2 !


Innate Abilities, Weirdness & Mutations

Your plain brown scales are hard. (AC +5)
You cannot fit into any form of body armour.
You are cold-blooded and may be slowed by cold attacks.
You have large cloven feet.
Your flesh is heat resistant. (rF+)


Message History

The adder is almost dead.
You feel sick.
You are no longer poisoned.
The adder bites you.
You closely miss the adder. Your kick misses the adder.
The adder is almost dead.
The adder misses you. The adder bites you.
You closely miss the adder.
The adder is almost dead.
The adder bites you.
You are poisoned.
The adder poisons you! The adder bites you.
You completely miss the adder.
The adder is almost dead.
You feel sick. The adder bites you.
You are more poisoned.
The adder poisons you!
You are too injured to fight recklessly!
You are too injured to fight recklessly!
You are too injured to fight recklessly!
You are too injured to fight recklessly!
You closely miss the adder. Your kick misses the adder.
The adder is almost dead.
You feel sick. The adder bites you.
You are lethally poisoned!
The adder poisons you! The adder barely misses you.
You hit the adder but do no damage. You kick the adder.
You kill the adder!
Trog accepts your kill.
* * * LOW HITPOINT WARNING * * *
You feel very sick.
* * * LOW HITPOINT WARNING * * *
You feel sick.
A goblin comes into view. It is wielding a +0 club.
* * * LOW HITPOINT WARNING * * *
You feel sick.
It was a potion of cancellation.
You feel magically purged.
* * * LOW HITPOINT WARNING * * *
You feel sick.
You die...

..... ## ..### $.
# # #. # #.#. .# #
#.#.#.###.#### #
#..g..........
#..##.# #.@##.#
#..##.###
#.......#
####......#
.>.........#
#####.?....######
######...(.......#
#..........)####.#
#.#........## #.#


You could see a goblin.

Vanquished Creatures
  An adder (D:2)
  7 dart slugs
  A ball python (D:1)
  9 bats
  2 endoplasms (D:2)
  A giant cockroach (D:1)
  3 goblins
  8 hobgoblins
  5 kobolds
  3 rats
40 creatures vanquished.

Notes
Turn   | Place    | Note
-------+----------+-------------------------------------------
     0 | D:1      | siradein the Draconian Berserker began the quest for the
                  | Orb.
     0 | D:1      | Reached XP level 1. HP: 19/19 MP: 1/1
   190 | D:1      | Found Dief's Magic Scroll Shoppe.
   207 | D:1      | Reached XP level 2. HP: 25/26 MP: 2/2
   748 | D:1      | Reached ** piety under Trog
   749 | D:1      | Reached XP level 3. HP: 31/33 MP: 3/3
  1265 | D:2      | Found Bisoh's Distillery.
  1405 | D:2      | Reached skill level 4 in Fighting
  1459 | D:1      | Bought a scroll of identify for 26 gold pieces
  1463 | D:1      | Gained mutation: Your flesh is heat resistant. (rF+)
                  | [potion of mutation]
  1463 | D:1      | Gained mutation: You have large cloven feet. [potion of
                  | mutation]
  1749 | D:2      | HP: 1/33 [poisoned by an adder]
  1750 | D:2      | Succumbed to an adder's poison

Illustrated notes

Levels and vault maps discovered:
D:1:      saegor_arrival_simple_e, layout_basic, serial_shops,
          nicolae_shop_hallway_plus, st_stairs_9
D:2:      layout_loops_ring, serial_shops, nicolae_shop_stone

Skill      XL: |  1  2  3 |
---------------+----------+-----
Dodging        | 3 |  3.3
Fighting       | 4 |  4.1
Maces & Flails | |  3.7

Action                   || total
-------------------------++-------
Melee: Mace              ||   106
       Tailslap          ||    11
       Punch             ||     1
       Kick              ||     2
  Use: Scroll            ||     4
       Potion            ||     2
 Stab: Sleeping          ||     3
Armor: Skin              ||    40
Dodge: Dodged            ||    73

Table legend: (Time is in decaauts)
 A = Elapsed time spent in this place.
 B = Non-inter-level travel time spent in this place.
 C = Inter-level travel time spent in this place.
 D = Time resting spent in this place.
 E = Time spent auto-exploring this place.
 F = Levels seen in this place.
 G = Mean time per level.
                   A        B        C        D        E       F      G
               +--------+--------+--------+--------+--------+-----+--------+
         Total |   1775 |   1682 |     93 |      0 |   1397 |   2 |  887.5 |
       Dungeon |   1775 |   1682 |     93 |      0 |   1397 |   2 |  887.5 |
               +--------+--------+--------+--------+--------+-----+--------+

Top non-repeatable levels by time:
     D:1: 1258 daAuts
     D:2: 517 daAuts
